 Dungeon Crawl Stone Soup version 0.28.0 (webtiles) character file.

Game seed: 1600975252234994101

64 HallandMoats the Skirmisher (level 4, 0/40 HPs)
             Began as a Ghoul Monk on Feb 8, 2022.
             Slain by a gnoll (3 damage)
             ... on level 2 of the Dungeon.
             The game lasted 00:01:35 (1949 turns).

HallandMoats the Skirmisher (Ghoul Monk)            Turns: 1949, Time: 00:01:35

Health: 0/40       AC:  9    Str: 14    XL:     4   Next: 12%
Magic:  3/3        EV:  6    Int:  5    God:
Gold:   37         SH:  0    Dex: 13    Spells: 3/3 levels left

rFire   . . .      SeeInvis .   a - +0 hand axe
rCold   + . .      Faith    .   (no shield)
rNeg    + + +      Spirit   .   f - +0 chain mail
rPois   ∞          Reflect  .   (no helmet)
rElec   .          Harm     .   (no cloak)
rCorr   .          Rampage  .   e - +0 pair of gloves
Will    .....                   (no boots)
Stlth   ..........              (no amulet)
HPRegen 0.00/turn               (no ring)
MPRegen 0.08/turn               (no ring)

@: inhibited regen
A: claws 1, cold resistance 1, negative energy resistance 3, inhibited
regeneration, torment resistance 2
a: no special abilities


You were on level 2 of the Dungeon.
You visited 1 branch of the dungeon, and saw 2 of its levels.

You collected 37 gold pieces.

Inventory:

Hand Weapons
 a - a +0 hand axe (weapon)
Armour
 e - a +0 pair of gloves (worn)
 f - a +0 chain mail (worn)
Scrolls
 b - 2 scrolls of teleportation {unknown}
 g - a scroll of holy word {unknown}
 i - a scroll of identify {unknown}
Potions
 c - a potion of invisibility {unknown}
 d - 3 potions of lignification {unknown}
 h - 2 potions of curing {unknown}
 j - 2 potions of ambrosia {unknown}


   Skills:
 * Level 4.1 Fighting
 * Level 3.2 Axes
 + Level 1.0 Armour
 + Level 3.1 Dodging
 - Level 2.1 Stealth


You had 3 spell levels left.
You didn't know any spells.
Your spell library contained the following spells:

 Spells                   Type           Power      Damage    Failure   Level
 Summon Small Mammal      Summ           0%         N/A       100%        1
 Call Canine Familiar     Summ           0%         N/A       100%        3
 Summon Guardian Golem    Hex/Summ       0%         N/A       100%        3


Dungeon Overview and Level Annotations

Branches:
Dungeon (2/15)

Altars:


Innate Abilities, Weirdness & Mutations

You thrive by killing the living.
You are immune to poison.
You have sharp fingernails.
Your flesh is cold resistant. (rC+)
You are immune to negative energy. (rN+++)
You do not regenerate when monsters are visible.
You are immune to unholy pain and torment.


Message History

You hit the gnoll but do no damage.
The gnoll is lightly wounded.
The gnoll hits you but does no damage.
The gnoll hits you with a +0 whip of flaming!
The gnoll burns you.
You hit the gnoll but do no damage.
The gnoll is lightly wounded.
The gnoll closely misses you.
You hit the gnoll.
The gnoll is lightly wounded.
The gnoll hits you with a +0 whip of flaming.
The gnoll burns you.
You are too injured to fight recklessly!
You are too injured to fight recklessly!
You are too injured to fight recklessly!
You are too injured to fight recklessly!
You hit the gnoll but do no damage.
The gnoll is lightly wounded.
The gnoll hits you but does no damage.
You barely miss the gnoll.
The gnoll is lightly wounded.
The gnoll hits you with a +0 whip of flaming.
* * * LOW HITPOINT WARNING * * *
The gnoll burns you.
* * * LOW HITPOINT WARNING * * *
You hit the gnoll.
The gnoll is moderately wounded.
The gnoll hits you but does no damage.
You barely miss the gnoll.
The gnoll is moderately wounded.
The gnoll hits you but does no damage.
You barely miss the gnoll. Your punch misses the gnoll.
The gnoll is moderately wounded.
The gnoll hits you but does no damage.
You closely miss the gnoll.
The gnoll is moderately wounded.
The gnoll hits you with a +0 whip of flaming!
* * * LOW HITPOINT WARNING * * *
The gnoll burns you.
You die...

##.##.##..# ##......
#..#..##..# #......
###....###..#####..###
#.....................
##...#####..######....
#..##.......#####....
#..#..........>...##.
#######'#######.........
#......@).....#.........
#......g......#.......).
#......#......#.........
#...... ......#(....)..#
#...#.. ..#...#......#..
#...#!. ..#...###.....#.
#.. ### ### ..# ##....##
#. .# #.##..# #.###..


You could see a gnoll.

Vanquished Creatures
  2 adders (D:2)
  A worm (D:2)
  5 endoplasms
  3 giant cockroaches (D:1)
  5 goblins
  3 hobgoblins
  3 jackals (D:1)
  3 kobolds (D:1)
  A quokka (D:1)
  2 ball pythons (D:2)
  2 bats
  2 frilled lizards (D:1)
  7 rats
39 creatures vanquished.

Vanquished Creatures (others)
  4 toadstools (D:1)
4 creatures vanquished.

Grand Total: 43 creatures vanquished

Notes
Turn   | Place    | Note
-------+----------+-------------------------------------------
     0 | D:1      | HallandMoats the Ghoul Monk began the quest for the Orb.
     0 | D:1      | Reached XP level 1. HP: 19/19 MP: 0/0
   259 | D:1      | Reached XP level 2. HP: 14/26 MP: 1/1
   994 | D:1      | Reached XP level 3. HP: 33/33 MP: 2/2
  1574 | D:2      | Reached skill level 4 in Fighting
  1574 | D:2      | Reached skill level 1 in Armour
  1782 | D:2      | Reached XP level 4. HP: 32/40 MP: 3/3
  1949 | D:2      | Slain by a gnoll

Illustrated notes

Levels and vault maps discovered:
D:1:      ldierk_walled_garden_2, layout_loops_ring
D:2:      layout_rooms, kennysheep_generic_room_16

Skill      XL: |  1  2  3 |
---------------+----------+-----
Axes           | 3 |  3.2
Dodging        | 3 |  3.1
Fighting       | 4 |  4.1
Armour         | 1 |  1.0
Stealth        | |  2.1

Action                   |  1- 3 |  4- 6 || total
-------------------------+-------+-------++-------
Melee: Hand axe          |   171 |    17 ||   188
       Punch             |     4 |       ||     4
 Stab: Sleeping          |     2 |       ||     2
Armor: Robe              |    14 |       ||    14
       Chain mail        |    69 |     8 ||    77
Dodge: Dodged            |    76 |     2 ||    78
